 Dungeon Crawl Stone Soup version 0.29-a0-187-ga23d9638d5 (webtiles) character file.

Game seed: 4354588251580458335

19 cyrus the Skirmisher (level 2, -1/27 HPs)
             Began as a Hill Orc Fighter on Feb 21, 2022.
             Succumbed to an adder's poison
             ... on level 2 of the Dungeon.
             The game lasted 00:01:53 (634 turns).

cyrus the Skirmisher (Hill Orc Fighter)              Turns: 634, Time: 00:01:54

Health: -1/27      AC:  9    Str: 18    XL:     2   Next: 75%
Magic:  2/2        EV:  6    Int:  8    God:
Gold:   55         SH:  4    Dex: 10    Spells: 1/1 levels left

rFire   . . .      SeeInvis .   a - +0 war axe
rCold   . . .      Faith    .   c - +0 buckler
rNeg    . . .      Spirit   .   h - +0 chain mail
rPois   .          Reflect  .   (no helmet)
rElec   .          Harm     .   (no cloak)
rCorr   .          Rampage  .   (no gloves)
Will    .....                   (no boots)
Stlth   ..........              (no amulet)
HPRegen 0.09/turn               (no ring)
MPRegen 0.08/turn               (no ring)

@: lethally poisoned (-1 -> -5), very slow
A: no striking features
a: no special abilities


You were on level 2 of the Dungeon.
You visited 1 branch of the dungeon, and saw 2 of its levels.

You collected 55 gold pieces.

Inventory:

Hand Weapons
 a - a +0 war axe (weapon)
 k - a +1 antimagic whip
Armour
 b - a +0 scale mail
 c - a +0 buckler (worn)
 h - a +0 chain mail (worn)
Scrolls
 e - a scroll of brand weapon {unknown}
 g - a scroll of vulnerability {unknown}
Potions
 d - a potion of might
 f - 2 potions of invisibility {unknown}
 i - a potion of ambrosia {unknown}
 j - a potion of experience {unknown}


   Skills:
 + Level 3.7 Fighting
 + Level 3.2 Axes
 + Level 3.5 Armour
 + Level 0.1 Dodging
 + Level 3.6 Shields


You had one spell level left.
You didn't know any spells.
Your spell library was empty.

Dungeon Overview and Level Annotations

Branches:
Dungeon (2/15)

Altars:
Cheibriados


Message History

The adder is heavily wounded.
You feel sick. The adder bites you.
You are more poisoned.
The adder poisons you! The adder bites you but does no damage.
You hit the adder.
The adder is severely wounded.
You feel sick.
The adder bites you but does no damage. x2
You closely miss the adder.
The adder is severely wounded.
You feel sick.
The adder bites you but does no damage. x2
You barely miss the adder.
The adder is severely wounded.
You feel sick. The adder bites you. The adder bites you but does no damage.
You closely miss the adder.
The adder is severely wounded.
You feel sick.
You are no longer poisoned.
The adder barely misses you. The adder bites you but does no damage.
You hit the adder.
The adder is almost dead.
The adder closely misses you. You block the adder's attack.
You barely miss the adder.
The adder is almost dead.
The adder bites you but does no damage. x2
You miss the adder.
The adder is almost dead.
The adder bites you.
* * * LOW HITPOINT WARNING * * *
You are lethally poisoned!
The adder poisons you!
You barely miss the adder.
The adder is almost dead.
* * * LOW HITPOINT WARNING * * *
You feel sick. The adder bites you.
* * * LOW HITPOINT WARNING * * *
You block the adder's attack.
Unknown command.
You miss the adder.
The adder is almost dead.
You die...

.# .# ## ##.# .
...# #(#..#
#.#..####
#.......# #@S#
#..# ##..#
##...#
##########....#
.......<...#..#
##########...##
##.## #.#


You could see an adder.

Vanquished Creatures
  A dart slug (D:1)
  2 giant cockroaches (D:1)
  5 goblins (D:1)
  2 hobgoblins
  A quokka (D:1)
  A ball python (D:1)
  2 frilled lizards (D:1)
  A kobold (D:1)
  A rat (D:1)
16 creatures vanquished.

Notes
Turn   | Place    | Note
-------+----------+-------------------------------------------
     0 | D:1      | cyrus the Hill Orc Fighter began the quest for the Orb.
     0 | D:1      | Reached XP level 1. HP: 19/19 MP: 1/1
   265 | D:1      | Reached XP level 2. HP: 27/27 MP: 2/2
   472 | D:1      | Found a faded altar of an unknown god.
   519 | D:1      | Prayed at the altar of an unknown god.
   519 | D:1      | Became a worshipper of Cheibriados the Contemplative
   519 | D:1      | Reached * piety under Cheibriados
   603 | D:1      | Fell from the grace of Cheibriados
   633 | D:2      | HP: 1/27 [adder (3)]
   634 | D:2      | Succumbed to an adder's poison

Illustrated notes

Levels and vault maps discovered:
D:1:      lemuel_arrival_river_ford, layout_basic,
          chequers_ecumenical_altar_island
D:2:      layout_loops_ring, uniq_jessica

Skill      XL: |  1  2 |
---------------+-------+-----
Axes           | 3 |  3.2
Fighting       | |  3.7
Armour         | |  3.5
Dodging        | |  0.1
Shields        | |  3.6

Action                   || total
-------------------------++-------
Melee: War axe           ||    59
Invok: Renounce Religion ||     1
Armor: Scale mail        ||    20
       Chain mail        ||    25
Dodge: Dodged            ||    31
Block: Buckler           ||    15

Table legend: (Time is in decaauts)
 A = Elapsed time spent in this place.
 B = Non-inter-level travel time spent in this place.
 C = Inter-level travel time spent in this place.
 D = Time resting spent in this place.
 E = Time spent auto-exploring this place.
 F = Levels seen in this place.
 G = Mean time per level.
                   A        B        C        D        E       F      G
               +--------+--------+--------+--------+--------+-----+--------+
         Total |    712 |    706 |      6 |      0 |    463 |   2 |  356.0 |
       Dungeon |    712 |    706 |      6 |      0 |    463 |   2 |  356.0 |
               +--------+--------+--------+--------+--------+-----+--------+

Top non-repeatable levels by time:
     D:1: 677 daAuts
     D:2: 35 daAuts
